 Dungeon Crawl Stone Soup version 0.29.1 (webtiles) character file.

Game seed: 12236879170810806111

162 qw the Shield-Bearer (level 5, -1/32 HPs)
             Began as a Gargoyle Fighter on Sept 13, 2022.
             Slain by Edmund
             ... wielding a +1 vorpal flail
              (6 damage)
             ... on level 4 of the Dungeon.
             The game lasted 00:01:10 (3531 turns).

qw the Shield-Bearer (Gargoyle Fighter)             Turns: 3531, Time: 00:01:10

Health: -1/32      AC: 17    Str: 22    XL:     5   Next: 43%
Magic:  5/5        EV:  8    Int:  8    God:
Gold:   255        SH:  8    Dex:  9    Spells: 4/4 levels left

rFire   . . .      SeeInvis .   Y - +0 war axe (protect)
rCold   . . .      Faith    .   j - +0 kite shield
rNeg    + . .      Spirit   .   b - +0 scale mail
rPois   inf        Reflect  .   (no helmet)
rElec   +          Harm     .   (no cloak)
rCorr   .          Rampage  .   (no gloves)
Will    .....                   (no boots)
Stlth   ..........              (no amulet)
HPRegen 0.10/turn               (no ring)
MPRegen 0.09/turn               (no ring)

@: about to teleport, under a protective aura
A: sickness immunity, AC +4, negative energy resistance 1, electricity
resistance, torment resistance 1, petrification resistance
a: no special abilities


You were on level 4 of the Dungeon.
You visited 1 branch of the dungeon, and saw 4 of its levels.

You collected 255 gold pieces.


Innate Abilities, Weirdness & Mutations

You are immune to sickness and miasma.
Your stone body is resilient. (AC +4)
You are immune to poison.
You resist negative energy. (rN+)
You are resistant to electric shocks. (rElec)
You are resistant to unholy torment.
You are immune to petrification.


   Skills:
 - Level 3.2 Fighting
 - Level 4.1 Axes
 - Level 3.2 Armour
 + Level 4.7 Shields


You had 4 spell levels left.
You didn't know any spells.
Your spell library was empty.

Inventory:

Hand Weapons
 f - a +0 whip
 Y - a +0 war axe of protection (weapon)
Armour
 b - a +0 scale mail (worn)
 j - a +0 kite shield (worn)
Scrolls
 a - 2 scrolls of identify
 c - a scroll of enchant armour
 h - a scroll of teleportation
Potions
 d - a potion of might
 e - 3 potions of brilliance {unknown}
 g - a potion of cancellation {unknown}
 i - 2 potions of resistance
 k - a potion of curing {unknown}
 l - a potion of mutation {unknown}

Dungeon Overview and Level Annotations

Branches:
Dungeon (4/15)
 Temple: D:4-7

Altars:
Hepliaklqana
Kikubaaqudgha

Annotations:
D:4 Edmund


Message History

Enter note: You now have 255 gold pieces (gained 5).
Edmund the Younger comes into view.
He is wielding a +1 vorpal flail and carrying a wand of roots (9).
Edmund shouts!
Edmund zaps a wand.
The roots erupt in riotous growth!
The grasping roots grab you!
Edmund is unaffected.
The grasping roots constrict you.
You hear a shout! x3; You hear an angry hiss.
You hit Edmund but do no damage.
Your weapon exudes an aura of protection.
You block Edmund's attack. The grasping roots constrict you.
Edmund barely misses you. The grasping roots constrict you.
The grasping roots release their grip on you.
You closely miss Edmund. Edmund hits you but does no damage.
You closely miss Edmund.
Edmund zaps a wand.
The roots erupt in riotous growth!
The grasping roots grab you!
Edmund is unaffected.
The grasping roots constrict you.
An orc comes into view. It is wielding a +0 whip.
Edmund hits you but does no damage. The grasping roots constrict you!
You hear a shout!
You slash Edmund!
Your weapon exudes an aura of protection.
Edmund is lightly wounded.
Edmund hits you but does no damage. The grasping roots constrict you.
The grasping roots release their grip on you.
3529 ||| READING 2 scrolls of teleportation.
As you read the scroll of teleportation, it crumbles to dust.
You feel strangely unstable. Edmund closely misses you.
You slash Edmund!
Edmund is moderately wounded.
Edmund hits you but does no damage. Edmund hits you with a +1 vorpal flail.
You block the orc's attack.
You hit Edmund.
Edmund is heavily wounded.
You closely miss the orc. Edmund hits you with a +1 vorpal flail.
You die...

.....................
....###..............
.....................
.......####....##....
.............# .... .
..........>.# ....
...######........##
....
.................# ..
......@@.......###
.......o.......#
...........##+##
####.....### #.....#
#...... #......
#.......


You could see Edmund and an orc.

Vanquished Creatures
  A necrophage (D:4)
  3 adders
  2 worms (D:3)
  2 dart slugs (D:2)
  3 endoplasms (D:1)
  3 giant cockroaches (D:1)
  7 hobgoblins
  2 jackals (D:2)
  8 kobolds
  3 quokkas
  5 ball pythons
  9 bats
  9 frilled lizards (D:1)
  3 goblins
  5 rats
65 creatures vanquished.

Vanquished Creatures (others)
  6 plants (D:1)
6 creatures vanquished.

Grand Total: 71 creatures vanquished

Notes
Turn   | Place    | Note
-------+----------+-------------------------------------------
     0 | D:1      | qw the Gargoyle Fighter began the quest for the Orb.
     0 | D:1      | Reached XP level 1. HP: 14/14 MP: 1/1
     0 | D:1      | 0 ||| qw: Version: 0.1-a-119-g272c26d
     0 | D:1      | 0 ||| qw: Game counter: 11088
     0 | D:1      | 0 ||| qw: Always use a shield: true
     0 | D:1      | 0 ||| qw: God list: Okawaru
     0 | D:1      | 0 ||| qw: Allow faded altars: false
     0 | D:1      | 0 ||| qw: Do Orc after D:15 true
     0 | D:1      | 0 ||| qw: Do second Lair branch before Depths: true
     0 | D:1      | 0 ||| qw: Lair rune preference: random
     0 | D:1      | 0 ||| qw: Plans: Normal, Zot, God:TSO, Crypt, Tomb, Pan,
                  | Slime, Hells, Zig, Abyss, Orb
     0 | D:1      | 0 ||| PLANNING D:1-11
    64 | D:1      | HP: 1/14 [frozen (3)]
   603 | D:1      | Reached XP level 2. HP: 19/19 MP: 2/2
   890 | D:1      | Reached skill level 3 in Axes
   902 | D:1      | Found a faded altar of an unknown god.
   966 | D:1      | 966 ||| Stepping ~*~*~tactically~*~*~ (stealth).
   977 | D:1      | Reached XP level 3. HP: 21/23 MP: 3/3
   980 | D:1      | 980 ||| Stepping ~*~*~tactically~*~*~ (stealth).
  1516 | D:1      | 1516 ||| READING scroll labelled FEUFUR QYDUFY.
  1517 | D:1      | 1517 ||| READING 3 scrolls labelled IQIUSE VICAES.
  1518 | D:1      | 1518 ||| READING scroll labelled SILOGUR WUOX.
  1619 | D:1      | 1619 ||| READING scroll labelled ORINET FOICSIAL.
  1620 | D:1      | 1620 ||| DRINKING 3 dark potions.
  1621 | D:1      | 1621 ||| DROPPING 2 scrolls of magic mapping.
  1622 | D:1      | 1622 ||| DROPPING 2 potions of flight.
  1657 | D:2      | 1657 ||| Stepping ~*~*~tactically~*~*~ (hiding).
  1841 | D:2      | 1841 ||| Stepping ~*~*~tactically~*~*~ (stealth).
  2320 | D:2      | 2320 ||| Stepping ~*~*~tactically~*~*~ (stealth).
  2329 | D:2      | Reached XP level 4. HP: 25/28 MP: 4/4
  2474 | D:2      | 2474 ||| READING 2 scrolls labelled LOSMAI RAROSCH.
  2475 | D:2      | 2475 ||| READING scroll labelled NOKLAUM RIOR.
  2476 | D:2      | 2476 ||| DRINKING 3 metallic grey potions.
  3107 | D:3      | Found a hazy altar of Hepliaklqana.
  3280 | D:3      | Found an ancient bone altar of Kikubaaqudgha.
  3282 | D:3      | 3282 ||| UPGRADING to +0 kite shield.
  3292 | D:3      | 3292 ||| DROPPING +0 buckler.
  3293 | D:3      | 3293 ||| READING 2 scrolls labelled YMUTHEWAECA.
  3378 | D:4      | Noticed a necrophage
  3395 | D:4      | Killed a necrophage
  3396 | D:4      | Reached XP level 5. HP: 26/32 MP: 5/5
  3521 | D:4      | Noticed Edmund
  3528 | D:4      | HP: 7/32 [constriction (3)]
  3529 | D:4      | 3529 ||| READING 2 scrolls of teleportation.
  3531 | D:4      | Slain by Edmund

Levels and vault maps discovered:
D:1:      onia_arrival_pentagram, layout_loops_ring,
          hellmonk_ecumenical_altar_lost_god, minmay_misc_feat_doors,
          minmay_lizard_king
D:2:      layout_basic
D:3:      layout_loops_corners, lemuel_tele_altar, lemuel_crystal_altar,
          minmay_misc_feat_roman, lightli_corner_chamber
D:4:      layout_basic, general_overflow_altar,
          minmay_fractal_squares_gapless_5, uniq_edmund, uniq_pikel

Skill      XL: |  1  2  3  4 |
---------------+-------------+-----
Axes           | 2 3 4 |  4.1
Shields        | 4 |  4.7
Fighting       | |  3.2
Armour         | |  3.2

Action                   |  1- 3 |  4- 6 || total
-------------------------+-------+-------++-------
Melee: War axe           |   148 |    56 ||   204
  Use: Scroll            |     4 |     4 ||     8
       Potion            |     1 |     1 ||     2
Armor: Scale mail        |    76 |    47 ||   123
Dodge: Dodged            |    67 |    35 ||   102
Block: Buckler           |    28 |     3 ||    31
       Kite shield       |       |    26 ||    26

Table legend:
 A = Non-vault XP
 B = Vault XP
 C = Vault XP percentage of total XP
 D = Non-vault monster count
 E = Vault monster count
 F = Vault count percentage of total count
                 A         B        C        D         E       F
            +---------+---------+-------+---------+---------+-------
      Total |     224 |       8 |   3.4 |      57 |       8 |  12.3
            +---------+---------+-------+---------+---------+-------
        D:1 |      44 |       8 |  15.4 |      26 |       8 |  23.5
        D:2 |      47 |       0 |   0.0 |      19 |       0 |   0.0
        D:3 |      14 |       0 |   0.0 |       5 |       0 |   0.0
        D:4 |     119 |       0 |   0.0 |       7 |       0 |   0.0
            +---------+---------+-------+---------+---------+-------
